 Dungeon Crawl Stone Soup version 0.21.1-1-g345015fe64 (webtiles) character file.

275 Kirk the Chopper (level 6, 28/47 HPs)
             Began as a Demonspawn Fighter on July 29, 2018.
             Was an Initiate of Okawaru.
             Quit the game on level 4 of the Dungeon.
             The game lasted 00:06:37 (2484 turns).

Kirk the Chopper (Demonspawn Fighter)               Turns: 2484, Time: 00:06:38

Health: 28/47      AC: 17    Str: 24    XL:     6   Next: 3%
Magic:  6/6        EV:  9    Int:  9    God:    Okawaru [......]
Gold:   206        SH:  0    Dex: 12    Spells: 5/5 levels left

rFire    . . .     SeeInvis .   a - +0 war axe
rCold    . . .     Gourm    .   (no shield)
rNeg     . . .     Faith    .   b - +0 scale mail
rPois    .         Spirit   .   (no helmet)
rElec    .         Reflect  .   l - +0 cloak
rCorr    .         Harm     .   (no gloves)
MR       +....                  (no boots)
Stlth    ..........             (no amulet)
HPRegen  0.15/turn              i - ring of protection from magic
MPRegen  0.10/turn              (no ring)

@: mighty, sanguine armour
A: rot immunity, sanguine armour 2
a: Renounce Religion


You were on level 4 of the Dungeon.
You worshipped Okawaru.
Okawaru was noncommittal.
You were hungry.

You visited 1 branch of the dungeon, and saw 4 of its levels.

You collected 206 gold pieces.

Inventory:

Hand Weapons
 a - a +0 war axe (weapon)
 p - a +2 vampiric hand axe
 u - a +0 blowgun
Missiles
 v - 12 poisoned needles
Armour
 b - a +0 scale mail (worn)
 c - a +0 shield
 l - a +0 cloak (worn)
Jewellery
 i - a ring of protection from magic (left hand)
Scrolls
 e - 2 scrolls of enchant armour {unknown}
 g - a scroll of teleportation
 m - 2 scrolls of blinking {unknown}
 n - 3 scrolls of remove curse {unknown}
 o - a scroll of amnesia {unknown}
 q - a scroll of enchant weapon {unknown}
 w - 2 scrolls of immolation {unknown}
 x - a scroll of identify
Potions
 d - 2 potions of might
 h - a potion of flight
 j - 2 potions of agility
 k - 2 potions of curing
 s - a potion of heal wounds
 t - a potion of berserk rage
Comestibles
 f - 5 rations
 r - 4 chunks of flesh


   Skills:
 - Level 3.0 Fighting
 * Level 5.2 Axes
 + Level 3.6 Armour
 - Level 2.6 Shields


You had 5 spell levels left.
You didn't know any spells.

Dungeon Overview and Level Annotations

Branches:
Dungeon (4/15)
 Temple: D:4-7

Altars:
Fedhas
Kikubaaqudgha
Makhleb
Okawaru
Qazlal
The Shining One


Innate Abilities, Weirdness & Mutations

You are immune to rotting.
When seriously injured, your bleeding wounds create thick armour. (AC +9)


Message History

You closely miss the orc priest. You miss the orc wizard.
You are feeling hungry.
The orc wizard hits you with a dagger.
The orc priest hits you but does no damage.
The orc hits you but does no damage. The orc wizard closely misses you.
The orc priest completely misses you.
You slash the orc priest!
You kill the orc priest!
Okawaru accepts your kill.
You have reached level 6!
Your experience leads to an increase in your attributes!
Your base attributes are Str 18, Int 9, Dex 12.
Increase (S)trength, (I)ntelligence, or (D)exterity?
You feel stronger.
Your demonic ancestry asserts itself...
You feel immune to rotting.
You closely miss the orc wizard.
The orc wizard hits you but does no damage.
The orc hits you but does no damage. The orc wizard closely misses you.
The orc completely misses you.
Are you sure you want to abandon this character and quit the game? (Confirm with "yes".)

.. .# ####### .#
....... .# .......
.#
.?.....####.#######
......)@..........#
.....oo###.#.###..#.
....... #.#........
....... #.#........#
####### #...........
###..........
#...........
#...........
#...#.##..#


You could see an orc wizard and an orc.

Vanquished Creatures
  A hound (D:3)
  An orc priest (D:4)
  An orc wizard (D:3)
  2 worker ants (D:4)
  5 adders
  2 worms
  A leopard gecko (D:3)
  12 orcs
  5 bats
  2 giant cockroaches
  10 goblins
  8 hobgoblins
  6 jackals
  2 quokkas (D:3)
  4 ball pythons
  A frilled lizard (D:3)
  10 kobolds
  7 rats
80 creatures vanquished.

Notes
Turn   | Place    | Note
-------+----------+-------------------------------------------
     0 | D:1      | Kirk the Demonspawn Fighter began the quest for the Orb.
     0 | D:1      | Reached XP level 1. HP: 18/18 MP: 1/1
   331 | D:1      | Reached skill level 2 in Axes
   436 | D:1      | Gained mutation: When seriously injured, your bleeding wounds create armour. (AC +9) [demonic ancestry]
   436 | D:1      | Reached XP level 2. HP: 20/24 MP: 2/2
   890 | D:2      | Reached XP level 3. HP: 16/29 MP: 3/3
  1064 | D:2      | Reached skill level 3 in Axes
  1266 | D:2      | Found a burning altar of Makhleb.
  1266 | D:2      | Found a stormy altar of Qazlal.
  1402 | D:2      | Found a glowing golden altar of the Shining One.
  1501 | D:3      | Gained mutation: When seriously injured, your bleeding wounds create thick armour. (AC +9) [demonic ancestry]
  1501 | D:3      | Reached XP level 4. HP: 23/35 MP: 4/4
  1634 | D:3      | Reached skill level 4 in Axes
  1876 | D:3      | Reached XP level 5. HP: 41/41 MP: 5/5
  2133 | D:3      | Found an iron altar of Okawaru.
  2190 | D:3      | Became a worshipper of Warmaster Okawaru
  2229 | D:3      | Found a blossoming altar of Fedhas.
  2230 | D:3      | Found an ancient bone altar of Kikubaaqudgha.
  2457 | D:4      | Reached skill level 5 in Axes
  2483 | D:4      | Gained mutation: You are immune to rotting. [demonic ancestry]
  2483 | D:4      | Reached XP level 6. HP: 28/47 MP: 6/6
  2484 | D:4      | Quit the game

Skill      XL: |  1  2  3  4  5 |
---------------+----------------+-----
Axes           | 2 3 4 5 |  5.2
Armour         | 3 |  3.6
Fighting       | |  3.0
Shields        | |  2.6

Action                   |  1- 3 |  4- 6 || total
-------------------------+-------+-------++-------
Melee: War axe           |   125 |   114 ||   239
  Use: Scroll            |     3 |     3 ||     6
       Potion            |       |     1 ||     1
  Eat: Chunk             |     1 |     4 ||     5
Armor: Scale mail        |    87 |    81 ||   168
Dodge: Dodged            |    92 |    77 ||   169
